Cogmind - Beta 9.5 @@@ ROGUE MODE // 2020.04.11 @ 00:01:09 Player: fastidiots Result: Destroyed by G-47 Trooper with Particle Gun Performance ------------- Evolutions (0) 0 Regions Visited (2) 400 Robots Destroyed (25) 125 Value Destroyed (578) 578 Prototype IDs (6) 120 Alien Tech Used (0) 0 Bonus (0) 0 TOTAL SCORE: 1223 Bonus ------- None Cogmind --------- Core Integrity 0/250 Matter 221/300 Energy 160/160 System Corruption 0% Temperature Cool (15) Movement Rolling (120) Ox2 Location -10/Mines Parts ------- > --- POWER (1) -------- Light Nuclear Core > --- PROPULSION (2) --- Light Treads Compact Wheel > --- UTILITY (2) ------ High-capacity Storage Unit Signal Interpreter > --- WEAPON (2) ------- Heavy Assault Rifle Heavy Assault Rifle > --- INVENTORY (12) --- Light Treads Large Storage Unit Large Storage Unit High-capacity Storage Unit Large Matter Pod (150) Sensor Array Light Armor Plating Light Armor Plating Heavy EM Pulse Gun Spread Laser Beam Cannon Mining Laser Peak State ------------ > --- POWER ------------ Light Nuclear Core > --- PROPULSION ------- Light Treads Compact Wheel > --- UTILITY ---------- Large Storage Unit Large Storage Unit > --- WEAPON ----------- Heavy Assault Rifle Heavy Assault Rifle > --- INVENTORY -------- Light Treads Light Treads Medium Storage Unit High-capacity Storage Unit High-capacity Storage Unit Large Matter Pod Sensor Array Signal Interpreter Light Armor Plating Light Armor Plating Heavy EM Pulse Gun Spread Laser Beam Cannon Mining Laser [Rating: 12] Favorites ----------- Power Ion Engine Engine Ion Engine Power Core Light Nuclear Core Propulsion Light Treads Treads Light Treads Leg Aluminum Leg Wheel Compact Wheel Utility Large Storage Unit Storage Large Storage Unit Processor Signal Interpreter Weapon Heavy EM Pulse Gun Energy Gun Heavy EM Pulse Gun Energy Cannon Beam Cannon Ballistic Gun Heavy Assault Rifle Build | -11 -10 -10 ------- Run | Scr Mat Min Slots Evolved . | . . . Power . | . . . Propulsion . | . . . Utility . | . . . Weapon . | . . . Parts Attached 24 | 3 14 7 Power 2 | . 1 1 Engine 1 | . 1 . Core 1 | . . 1 Reactor . | . . . Propulsion 8 | 3 4 1 Treads 4 | 1 2 1 Leg . | . . . Wheel 4 | 2 2 . Hover . | . . . Flight . | . . . Utility 8 | . 6 2 Device . | . . . Storage 7 | . 6 1 Processor 1 | . . 1 Hackware . | . . . Protection . | . . . Artifact . | . . . Weapon 6 | . 3 3 Energy Gun 3 | . 3 . Energy Cannon 1 | . . 1 Ballistic Gun 2 | . . 2 Ballistic Cannon . | . . . Launcher . | . . . Special Weapon . | . . . Impact Weapon . | . . . Slashing Weapon . | . . . Piercing Weapon . | . . . Special Melee Weapon . | . . . Unidentified Prototypes . | . . . Parts Lost 5 | . 2 3 Power 1 | . . 1 Propulsion 1 | . 1 . Utility . | . . . Weapon 3 | . 1 2 Highest Loss Streak 3 | . 2 3 Average Slot Usage (%) 99 | . 99 98 Engine 11 | . 14 4 Core 1 | . . 8 Treads 14 | . 14 14 Wheel 13 | . 13 14 Storage 25 | . 27 19 Processor 1 | . . 7 Energy Gun 23 | . 28 9 Ballistic Gun 4 | . . 17 Naked Turns . | . . . Heaviest Build 59 | 11 59 43 Greatest Support 40 | 20 40 20 Greatest Overweight (x) 3 | . 3 2 Average Overweight (x) 1 | . 1 1 Largest Inventory Capacity 18 | 6 18 16 Average Capacity 14 | 6 14 13 Most Carried 16 | 6 16 16 Average Carried 12 | 5 11 13 Final Capacity 16 | 6 16 12 Final Carried 16 | 5 16 12 Class Distribution -------------------- 100% | Mutant Dominant Class ---------------- Mutant | -10/Materials Mutant | -10/Mines Resources | -11 -10 -10 ----------- Run | Scr Mat Min Matter Collected 625 | 230 163 232 Remotely . | . . . Salvage Created 940 | 67 543 330 Parts 49 | 1 36 12 Haulers Intercepted 1 | . 1 . Recyclers Shooed 1 | . 1 . Parts Field Recycled . | . . . Retrieved Matter . | . . . Parts Self-Destructed . | . . . Prevented . | . . . Kills | -11 -10 -10 ------- Run | Scr Mat Min Combat Hostiles Destroyed 19 | . 11 8 Guns 19 | . 11 8 Classes Destroyed 5 | 1 4 . Hauler 1 | . 1 . Recycler 2 | 1 1 . Watcher 3 | . 3 . Swarmer 8 | . 6 2 Grunt 11 | . 5 6 Best Kill Streak 5 | 1 5 2 Combat Bots Only 3 | . 3 2 Max Kills in Single Turn 2 | 1 2 1 Gunslinging 1 | . 1 . Exploded . | . . . Melee . | . . . Uniques/NPCs Destroyed . | . . . Combat | -11 -10 -10 -------- Run | Scr Mat Min Damage Taken 883 | 39 389 455 Core 262 | . 101 161 Absorbed by Shields . | . . . Core Remaining (%) 100 | 100 . . Volleys Fired 60 | 3 32 25 Largest 2 | 1 2 2 Hottest 105 | 40 90 105 Shots Fired 116 | 3 64 49 Gun 114 | 3 64 47 Cannon 2 | . . 2 Launcher . | . . . Special . | . . . Kinetic 27 | . . 27 Thermal 2 | . . 2 Explosive . | . . . Electromagnetic 87 | 3 64 20 Robot Hit Streak 10 | 3 6 10 Robot Miss Streak 4 | . 4 2 Penetration Max . | . . . Secondary Targets 2 | . 2 . Max Gunslinging Chain 1 | . 1 . Shots Hit Robots 69 | 3 33 33 Core Hits 30 | 2 17 11 Critical Hits . | . . . Critical Kills . | . . . Critical Parts Destroyed . | . . . Melee Attacks . | . . . Impact . | . . . Slashing . | . . . Piercing . | . . . Sneak Attacks . | . . . Combat Hostiles . | . . . Follow-up Attacks . | . . . Damage Inflicted 1211 | 62 537 612 Guns 1046 | 40 537 469 Cannons 36 | . . 36 Explosions 129 | 22 . 107 Melee . | . . . Ramming . | . . . Kinetic 255 | . . 255 Thermal 165 | 22 . 143 Explosive . | . . . Electromagnetic 791 | 40 537 214 Impact . | . . . Slashing . | . . . Piercing . | . . . Highest Corruption . | . . . Average Corruption . | . . . Corruption Purged . | . . . Overload Shots . | . . . Overflow Damage . | . . . Projectiles . | . . . Explosions . | . . . Melee . | . . . Knockbacks . | . . . Impact . | . . . Kinetic . | . . . Secondary . | . . . Self-Inflicted Damage 145 | 39 . 106 Shots 3 | 1 . 2 Rammed . | . . . Targets Rammed . | . . . Kicked . | . . . Crushed . | . . . Highest Temperature 198 | 12 198 155 Average Temperature 61 | 12 64 54 Received Heat Transfer 231 | . 84 147 Siege Activations . | . . . Robots Corrupted . | . . . Combat Hostiles . | . . . Parts Fried 2 | . 1 1 Impact Corruptions . | . . . Robots Melted . | . . . Combat Hostiles . | . . . Parts Melted . | . . . Heat Transferred 224 | 50 . 174 Parts Sabotaged . | . . . Parts Stolen . | . . . Parts Stripped . | . . . Power Chain Reactions 2 | 1 . 1 Missiles Intercepted . | . . . Alert | -11 -10 -10 ------- Run | Scr Mat Min Peak Influence 236 | 5 213 236 Average Influence 100 | 2 78 188 Maximum Alert Level 1 | . 1 1 Low Security (%) 85 | 100 87 79 Level 1 14 | . 12 20 Level 2 . | . . . Level 3 . | . . . Level 4 . | . . . Level 5 . | . . . High Security . | . . . Max Security . | . . . Squads Dispatched 2 | . 2 . Investigation 2 | . 2 . Extermination . | . . . Reinforcement . | . . . Assault . | . . . Garrison . | . . . Intercept . | . . . Construction Impeded . | . . . Haulers Reinforced . | . . . Stealth | -11 -10 -10 --------- Run | Scr Mat Min Distress Signals 1 | . . 1 Communications Jammed . | . . . Distress Signals . | . . . Times Spotted 30 | . 19 11 Peak Tracking Total 5 | . 5 3 Tactical Retreats 3 | . 2 1 Traps | -11 -10 -10 ------- Run | Scr Mat Min Traps Triggered 1 | . 1 . Indirectly . | . . . Trap Hack Attempts . | . . . Triggered . | . . . Disarmed . | . . . Reprogrammed . | . . . Reused . | . . . Traps Extracted . | . . . Installed . | . . . Triggered . | . . . Machines | -11 -10 -10 ---------- Run | Scr Mat Min Machines Disabled 1 | . . 1 Max in Single Turn 1 | . . 1 Machines Sabotaged . | . . . Garrisons Compromised . | . . . Overloaded Fab Kills . | . . . Fab Network Shutdowns . | . . . Hacking | -11 -10 -10 --------- Run | Scr Mat Min Machines Accessed 8 | . 8 . Terminals 8 | . 8 . Fabricators . | . . . Repair Stations . | . . . Recycling Units . | . . . Scanalyzers . | . . . Garrison Access . | . . . Total Hacks 31 | . 31 . Successful 22 | . 22 . Failed 8 | . 8 . Catastrophic . | . . . Database Lockouts 1 | . 1 . Manual 20 | . 20 . Terminals 31 | . 31 . Fabricators . | . . . Repair Stations . | . . . Recycling Units . | . . . Scanalyzers . | . . . Garrison Access . | . . . Terminal Hacks 16 | . 16 . Robot Analysis 4 | . 4 . Prototype ID Bank 3 | . 3 . Branch Access Points 1 | . 1 . Machine Index 1 | . 1 . Alert Level 3 | . 3 . Locate Traps 3 | . 3 . Registered Components 1 | . 1 . Fabricator Hacks . | . . . Repair Station Hacks . | . . . Recycling Unit Hacks . | . . . Scanalyzer . | . . . Garrison Access Hacks . | . . . Unauthorized Hacks 14 | . 14 . Terminals 6 | . 6 . Assimilate 2 | . 2 . Botnet 3 | . 3 . Operators 1 | . 1 . Fabricators . | . . . Repair Stations . | . . . Recycling Units . | . . . Scanalyzers . | . . . Garrison Access . | . . . Data Cores Recovered . | . . . Used . | . . . Hacking Detections 7 | . 7 . Full Trace Events . | . . . Feedback Events . | . . . Feedback Blocked . | . . . Robot Schematics Acquired . | . . . Robots Built . | . . . Matter . | . . . Time . | . . . Total Robot Build Rating . | . . . Part Schematics Acquired . | . . . Parts Built . | . . . Matter . | . . . Time . | . . . Total Part Build Rating . | . . . Parts Repaired . | . . . Time . | . . . Parts Recycled . | . . . Recycled Matter . | . . . Retrieved Matter . | . . . Retrieved Components . | . . . Parts Scanalyzed . | . . . Part Schematics Acquired . | . . . Parts Damaged . | . . . Bothacking | -11 -10 -10 ------------ Run | Scr Mat Min Used RIF Installer . | . . . Robots Hacked . | . . . Non-combat . | . . . Combat . | . . . Robot Hacks Applied . | . . . Relay Couplers Released . | . . . Robots Rewired . | . . . Allies Hacked . | . . . Hacks Repelled . | . . . Allies | -11 -10 -10 -------- Run | Scr Mat Min Total Allies 1 | . 1 . Largest Group 1 | . 1 1 Highest-Rated Group 10 | . 10 10 Highest-Rated Ally 10 | . 10 10 Total Orders 9 | . . 9 STAY 1 | . . 1 GOTO 4 | . . 4 FOLLOW 4 | . . 4 Ally Attacks . | . . . Total Damage . | . . . Kills . | . . . Allies Corrupted . | . . . Allies Melted . | . . . Intel | -11 -10 -10 ------- Run | Scr Mat Min Robot Analysis Total 4 | . 4 . Derelict Logs Recovered . | . . . Drone Launches . | . . . Drone Recoveries . | . . . Exploration | -11 -10 -10 ------------- Run | Scr Mat Min Turns Passed 1484 | 31 1123 330 Spaces Moved 940 | 17 759 164 Core . | . . . Treads 108 | . 67 41 Legs 9 | 9 . . Wheels 823 | 8 692 123 Hover . | . . . Flight . | . . . Fastest Speed 100 | 100 100 110 Average Speed 128 | 110 125 139 Slowest Speed 200 | 120 200 200 Overloaded Moves . | . . . Propulsion Burnouts . | . . . Robots Hopped . | . . . Cave-ins Triggered . | . . . Exploration Rate (%) 41 | 3 93 29 Regions Visited 2 Branch Regions 1 Pre-discovered Areas . | . . . Known Exits Taken 1 | . 1 . Unknown Exits Taken 1 | 1 . . Scrap Searched . | . . . Spaces Dug . | . . . Terrain Destroyed 24 | 3 . 21 Melee . | . . . Projectile . | . . . AOE 24 | 3 . 21 Actions | -11 -10 -10 --------- Run | Scr Mat Min Total 1112 | 26 868 218 Wait 33 | 1 19 13 Move 938 | 16 758 164 Hop . | . . . Pick Up 31 | 1 25 5 Fast Attach 5 | . 4 1 Attach 7 | 2 2 3 Detach 1 | . 1 . Swap 12 | 1 8 3 Drop 25 | 2 19 4 Fire 60 | 3 32 25 Melee . | . . . Ram . | . . . Kick . | . . . Crush . | . . . Escape Stasis . | . . . Rewire . | . . . Trap . | . . . Miscellaneous . | . . . Route ------- -11/Scrapyard -10/Materials (discovered 4 exits: *Mat x3 / *Min) -10/Mines (discovered 1 exit: *Mat) History --------- Turn | Location | Event 1 | -11/Scrapyard | Discovered new exit (range 3) 32 | -11/Scrapyard | Entered Materials 266 | -10/Materials | Discovered new exit (range 16) 304 | -10/Materials | Build established: Mutant 406 | -10/Materials | Discovered new exit (range 11) 535 | -10/Materials | Identified exit to Mines 907 | -10/Materials | Discovered new exit (range 16) 930 | -10/Materials | Central database locked down 1155 | -10/Materials | Entered Mines 1155 | -10/Mines | Accompanied by 1 ally 1189 | -10/Mines | Core integrity fell below 50% 1247 | -10/Mines | Discovered new exit (range 16) 1301 | -10/Mines | Lost 3 parts (1p2w) 1302 | -10/Mines | Identified exit to Materials 1417 | -10/Mines | Core integrity fell below 20% 1485 | -10/Mines | Destroyed by G-47 Trooper with Particle Gun Last Messages --------------- 01317_ Extracted 20 matter. 01319_ Acquired Lrg. Matter Pod. 01319_ K-01 Serf collects debris. 01323_ Acquired 17 matter. 01324_ K-01 Serf collects debris. 01324_ Acquired 3 matter. 01327_ K-01 Serf collects debris. 01344_ Dropped Lgt. Treads. 01346_ K-01 Serf collects debris. 01347_ R-06 Scavenger collects Aluminum Leg. 01350_ K-01 Serf collects debris. 01351_ R-06 Scavenger collects Heat Sink. 01353_ K-01 Serf collects debris. 01354_ R-06 Scavenger collects Imp. Heat Sink. 01357_ K-01 Serf collects debris. 01357_ R-06 Scavenger collects Sml. Laser. 01417_ S-10 Pest destroyed. 01418_ Technician 1a reports 0b10 security level has risen to 1. 01432_ S-10 Pest destroyed. 01471_ R-06 Scavenger sends out distress signal. Map ----- +----------------------------------------------------+ | ?????# ###############?????????????? | | ?????# #???????????????????????????? | | ??#### #???????????????????????????? | | ??# #???????????????????????????? | | ??# #???????????????????????????? | | ??# ####???????????????????????????? | | ??# ##?####????????????????????????? | | ??# ## ##???????????????????????? | | ??# #???????????????????????? | | ?## #??????? ???????????????? | | ?# #??????# #??????????????? | | ?# ##?????? ??????????????? | | ?## ##??????? ??????????????? | | ??## ##???????? ??????????????? | | ???# #????????? ??????????????? | | ???# ##????????? ??????????????? | | ???# ##?????????? ??????????????? | | ???### #??????????? ??????????????? | | ???### ###?????????# #??????????????? | | ??## ##????????# #???#####??????? | | ?## < #????????# #??## #??????? | | ?# #????????# #?## ######?? | | ?#! ##????????# ### #?? | | ?#= [##?????????# ## ###### #?? | | ?## %############ # ##????#*### | | ??# = g @ o ##?????#%%= | | ??# ############### ##??????##### | | ??# #????????????###???????????? | | ??## #?????????????????????????? | | ???#### ????????????????????????? | | ??????## ##???????????????????????? | | ????????####????????????????????????? | | ????????????????????????????????????? | | ????????????????????????????????????? | | ????????????????????????????????????? | | ????????????????????????????????????? | | ????????????????????????????????????? | | ????????????????????????????????????? | | ????????????????????????????????????? | | ????????????????????????????????????? | | ????????????????????????????????????? | | ????????????????????????????????????? | | ????????????????????????????????????? | | ????????????????????????????????????? | | ????????????????????????????????????? | | | | | | | | | | | +----------------------------------------------------+ Best States ------------- Heat Dissipation 25 Energy Generation 14 Energy Capacity 250 Matter Stores 300 Matter Capacity 300 Sight Range 16 Terrain Scan Density 10 Evasion (%) 40 Recoil Reduction 2 Item Schematics ----------------- None Robot Schematics ------------------ None Fabricated ------------ Nothing Alien Tech Used ----------------- None Achievements -------------- None Challenges ------------ None Game ------ Seed LargeCloakGenerator Manual? 0 Play Time 00:20:21 Cumulative 36.0 hours Start 2020.04.10 @ 23:41:21 End 2020.04.11 @ 00:01:09 Sessions 2 Manual Loads 0 Difficulty Rogue Special Mode None Game No. 33 Rogue 33 Adventurer 0 Explorer 0 Win Type - Total 0 Types 0/0/0/0/0/0/0 Lore% 30 Gallery% 37 Achievement% 28 Wizard Run 0 Options --------- ASCII 0 Keyboard 1 Movement Vi Keybinds 0 Fullscreen 2 Font 18/SmallcapsGlow Map View 76x50 Tactical HUD 1 Map Filters NONE Filters NONE Steam 1 RUN: e8b932b3-eceb-405e-8db7-039517a49cb4